 Dungeon Crawl Stone Soup version 0.26-a0-707-g31817bcca1 (webtiles) character file.

Game seed: 3701625470385402223

2176 lunkers the Fighter (level 9, 0/97 HPs)
             Began as an Ogre Fighter on Oct 26, 2020.
             Was an Initiate of Ru.
             Slain by a killer bee (4 damage)
             ... on level 6 of the Dungeon.
             The game lasted 00:13:20 (9163 turns).

lunkers the Fighter (Ogre Fighter)                  Turns: 9163, Time: 00:13:21

Health: 0/97       AC:  4    Str: 23    XL:     9   Next: 32%
Magic:  0/9        EV: 10    Int: 10    God:    Ru [......]
Gold:   238        SH: 10    Dex: 15    Spells: 8/8 levels left

rFire    . . .     SeeInvis .   a - +0 war axe
rCold    . . .     Faith    .   c - +0 kite shield
rNeg     . . .     Spirit   +   b - +0 robe
rPois    .         Reflect  .   y - +1 hat
rElec    .         Harm     .   (no cloak)
rCorr    .         Rampage  .   (gloves unavailable)
MR       .....                  (boots unavailable)
Stlth    +.........             m - amulet of guardian spirit
HPRegen  0.26/turn              g - +6 ring of dexterity
MPRegen  0.11/turn              (no ring)

@: lethally poisoned (0 -> -7)
A: large, unfitting armour, tough skin 1
a: Renounce Religion


You were on level 6 of the Dungeon.
You worshipped Ru.
Ru was noncommittal.
You visited 2 branches of the dungeon, and saw 8 of its levels.

You collected 238 gold pieces.

Inventory:

Hand Weapons
 a - a +0 war axe (weapon)
Missiles
 i - 10 poisoned darts
 v - 163 stones (quivered)
 w - 5 large rocks
 A - 8 boomerangs
Armour
 b - a +0 robe (worn)
 c - a +0 kite shield (worn)
 y - a +1 hat (worn)
Jewellery
 g - a +6 ring of dexterity (left hand)
 m - an amulet of guardian spirit (around neck)
 F - an uncursed amulet of reflection {unknown}
 G - an uncursed ring of ice {unknown}
Wands
 t - a wand of flame (9)
Scrolls
 l - 3 scrolls of fog {unknown}
 o - a scroll of noise {unknown}
 p - a scroll of amnesia {unknown}
 q - 4 scrolls of magic mapping {unknown}
 r - 4 scrolls of remove curse {unknown}
 s - a scroll of enchant weapon {unknown}
 u - 2 scrolls of teleportation {unknown}
 x - a scroll of blinking {unknown}
 z - 4 scrolls of enchant armour {unknown}
 C - a scroll of identify
 D - a scroll of immolation {unknown}
 E - a scroll of fear {unknown}
Potions
 e - 2 potions of mutation
 h - a potion of heal wounds
 j - a potion of flight
 k - a potion of ambrosia {unknown}
 n - a potion of magic
 B - a potion of resistance {unknown}


   Skills:
 + Level 8.9 Fighting
 * Level 8.8 Axes
 - Level 2.6 Dodging
 + Level 6.1 Shields


You had 8 spell levels left.
You didn't know any spells.
Your spell library was empty.

Dungeon Overview and Level Annotations

Branches:
Dungeon (7/15)             Temple (1/1) D:4

Altars:
Ashenzari
Cheibriados
Elyvilon
Hepliaklqana
Makhleb
Nemelex Xobeh
Okawaru
Ru
Sif Muna
Trog
Vehumet
Yredelemnul
Zin
The Shining One

Annotations:
D:7 Joseph


Innate Abilities, Weirdness & Mutations

You are too large for most types of armour.
You have tough skin. (AC +1)


Message History

You hit the killer bee but do no damage.
The killer bee closely misses you. x2; The killer bee stings you.
* * * LOW HITPOINT WARNING * * *
You are poisoned.
The killer bee poisons you! The killer bee misses you.
You block the killer bee's attack.
You miss the killer bee.
The killer bee is severely wounded.
You miss the killer bee.
You feel sick. You block the killer bee's attack. x2
The killer bee barely misses you. The killer bee stings you.
* * * LOW HITPOINT WARNING * * *
You are lethally poisoned!
The killer bee poisons you!
You miss the killer bee.
The killer bee is severely wounded.
You miss the killer bee.
* * * LOW HITPOINT WARNING * * *
You feel sick. The killer bee stings you.
* * * LOW MAGIC WARNING * * *
You die...

####)######## #.# .#..........#
#.# .#.########.######### #.#
....................# #.#
.......>.........##.# #.#
.#####.##.#.####.##.#######.#####
## #.##.#.....................# #
#.##.######y#####.#.#....... #
#.##.# #@# #.###...###.# # #.##.#
#y# ##.#.#....... # #.##.# #.#
####.##.####.# # #.#..######.#
#.......# #.# # #...........#
#.##.#######.# # ###.#########
#.##.# ##...# # #.#
#....####..... # #.#
#.)........... #### #.#
#...#.###.....


You could see 2 killer bees.

Vanquished Creatures
  Sigmund (D:4)
  Eustachio (D:4)
  Duvessa (D:4)
  2 sky beasts
  2 ogres
  A phantom (D:6)
  2 centaurs (D:5)
  A wyvern skeleton (D:6)
  2 scorpions
  Dowan (D:4)
  2 killer bees (D:6)
  A howler monkey (D:4)
  2 bullfrog zombies (D:5)
  3 orc priests
  A hound (D:5)
  2 orc wizards
  A bullfrog skeleton (D:5)
  A centaur skeleton (D:5)
  Jessica (D:2)
  2 iguanas
  7 worker ants
  A hound skeleton (D:7)
  5 gnolls
  10 adders
  2 shadow imps
  2 white imps
  2 ufetubi (D:5)
  2 adder skeletons
  A worm (D:3)
  5 dart slugs
  A leopard gecko (D:4)
  15 orcs
  2 ball pythons
  6 bats
  6 giant cockroaches
  9 hobgoblins
  20 jackals
  2 quokkas
  3 frilled lizards
  6 goblins
  3 jackal skeletons (D:4)
  5 kobolds
  A quokka zombie (D:6)
  6 rats
152 creatures vanquished.

Notes
Turn   | Place    | Note
-------+----------+-------------------------------------------
     0 | D:1      | lunkers the Ogre Fighter began the quest for the Orb.
     0 | D:1      | Reached XP level 1. HP: 24/24 MP: 1/1
     6 | D:1      | Noticed a black mamba
     6 | D:1      | Noticed a wyvern
     6 | D:1      | Noticed a swamp worm
     6 | D:1      | Noticed a hog
    39 | D:1      | Reached XP level 2. HP: 14/32 MP: 2/2
   501 | D:1      | Reached XP level 3. HP: 36/40 MP: 3/3
  1317 | D:2      | Found a glowing golden altar of the Shining One.
  1573 | D:2      | Reached XP level 4. HP: 24/49 MP: 2/4
  1866 | D:2      | Noticed Jessica
  1873 | D:2      | Killed Jessica
  1984 | D:2      | You fall into a shaft and drop 1 floor!
  2031 | D:3      | Reached skill level 5 in Fighting
  2031 | D:3      | Reached XP level 5. HP: 47/57 MP: 5/5
  2275 | D:3      | Reached XP level 6. HP: 18/66 MP: 2/6
  3156 | D:4      | Found a staircase to the Ecumenical Temple.
  3179 | Temple   | Entered the Ecumenical Temple
  3552 | Temple   | Became a worshipper of Ru the Awakened
  3821 | D:4      | Reached skill level 5 in Axes
  3972 | D:4      | Reached XP level 7. HP: 35/75 MP: 5/7
  4402 | D:4      | Noticed Sigmund
  4402 | D:4      | Noticed Dowan
  4402 | D:4      | Noticed Duvessa
  4444 | D:4      | Killed Sigmund
  4446 | D:4      | Killed Dowan
  4520 | D:4      | Killed Duvessa
  4691 | D:4      | Noticed Eustachio
  4725 | D:4      | Killed Eustachio
  4725 | D:4      | Reached XP level 8. HP: 33/87 MP: 5/8
  5025 | D:4      | Reached skill level 5 in Shields
  5334 | D:5      | Entered Level 5 of the Dungeon
  7542 | D:6      | Reached XP level 9. HP: 91/97 MP: 7/9
  7731 | D:6      | Found a bloodstained altar of Trog.
  7732 | D:6      | Found an iron altar of Okawaru.
  8726 | D:7      | Noticed Joseph
  8750 | D:6      | HP: 7/145 [poisoned by a killer bee]
  8755 | D:6      | HP: 5/145 [poisoned by a killer bee]
  8760 | D:6      | HP: 3/145 [poisoned by a killer bee]
  8765 | D:6      | HP: 2/97 [poisoned by a killer bee]
  8772 | D:6      | HP: 1/97 [poisoned by a killer bee]
  8780 | D:6      | HP: 1/97 [poisoned by a killer bee]
  9163 | D:6      | HP: 4/97 [poisoned by a killer bee]
  9163 | D:6      | Slain by a killer bee

Illustrated notes

Levels and vault maps discovered:
D:1:      onia_arrival_zoo_common, layout_loops_ring
D:2:      layout_loops_corners, lemuel_crystal_altar, uniq_jessica
D:3:      layout_basic
D:4:      layout_cave_pods, minmay_temple_entry_sparse_star, uniq_eustachio,
          uniq_sigmund, uniq_duvessa
D:5:      layout_basic, nicolae_ossuary_entry_false_entrances,
          minmay_misc_feat_hallway, minmay_splitting_lines,
          minmay_fractal_squares_diagonal_5
D:6:      layout_loops_ring, grunt_temple_overflow_bloody_war
D:7:      layout_rooms, nicolae_qazlal_general_emergency,
          eat_drink_and_be_merry_uskayaw, lemuel_crystal_altar, serial_shops,
          kennysheep_little_box, nicolae_shop_behind_doors,
          gammafunk_ghost_wrathful_warriors, grunt_dithmenos_smoke, uniq_joseph,
          uniq_harold
Temple:   minmay_temple_curvy_loop

Skill      XL: |  1  2  3  4  5  6  7  8  9 |
---------------+----------------------------+-----
Shields        | 3 4 5 6 |  6.1
Axes           | 3 4 5 6 8 |  8.8
Fighting       | 5 6 7 8 |  8.9
Dodging        | |  2.6

Action                   |  1- 3 |  4- 6 |  7- 9 || total
-------------------------+-------+-------+-------++-------
Melee: War axe           |    88 |   135 |   307 ||   530
Throw: Stone             |       |    12 |    22 ||    34
Invok: Reject Sacrifices |       |       |     1 ||     1
  Use: Scroll            |       |     7 |     1 ||     8
       Potion            |       |       |     8 ||     8
 Stab: Sleeping          |       |     1 |       ||     1
       Invisible         |       |       |     4 ||     4
Armor: Robe              |    24 |    34 |    56 ||   114
       Skin              |       |       |    20 ||    20
Dodge: Dodged            |    28 |    59 |   149 ||   236
Block: Kite shield       |    32 |    67 |   214 ||   313

Table legend: (Time is in decaauts)
 A = Elapsed time spent in this place.
 B = Non-inter-level travel time spent in this place.
 C = Inter-level travel time spent in this place.
 D = Time resting spent in this place.
 E = Time spent auto-exploring this place.
 F = Levels seen in this place.
 G = Mean time per level.
                   A        B        C        D        E       F      G
               +--------+--------+--------+--------+--------+-----+--------+
         Total |   9307 |   9119 |    188 |     86 |   7728 |   8 | 1163.4 |
       Dungeon |   8899 |   8725 |    174 |     86 |   7412 |   7 | 1271.3 |
        Temple |    407 |    393 |     14 |      0 |    316 |   1 |  407.0 |
               +--------+--------+--------+--------+--------+-----+--------+

Top non-repeatable levels by time:
     D:5: 2064 daAuts
     D:4: 1821 daAuts
     D:6: 1792 daAuts
     D:3: 1185 daAuts
     D:1: 1061 daAuts
     D:2: 965 daAuts
  Temple: 407 daAuts
     D:7: 8 daAuts
